 Dungeon Sprint DCSS version 0.29-a0-512-gf59ac788ac (webtiles) character file.

Game seed: 9809024873166311621

7392 mhtbhm the Brawler (level 10, -2/112 HPs)
             Began as a Troll Transmuter on May 29, 2022.
             Was an Initiate of Gozag.
             Slain by an ettin
             ... wielding a +0 dire flail
              (40 damage)
             ... in the Dungeon (Sprint IX: "|||||||||||||||||||||||||||||").
             The game lasted 00:02:19 (1074 turns).

mhtbhm the Brawler (Troll Transmuter)               Turns: 1074, Time: 00:02:20

Health: -2/112     AC:  6    Str: 22    XL:     10   Next: 92%
Magic:  15/19      EV: 14    Int: 11    God:    Gozag
Gold:   3205       SH:  0    Dex: 13    Spells: 13/23 levels left

rFire   x . .      SeeInvis .     - Unarmed
rCold   + + +      Faith    .   (shield currently unavailable)
rNeg    . . .      Spirit   .   (body armour currently unavailable)
rPois   +          Reflect  .   (helmet currently unavailable)
rElec   .          Harm     .   (cloak currently unavailable)
rCorr   .          Rampage  .   (gloves unavailable)
Will    .....      NoTele   +   (boots unavailable)
Stlth   ++........              (no amulet)
HPRegen 1.08/turn               m - +2 ring of evasion
MPRegen 0.16/turn               n - +3 ring of dexterity

@: ice-form, wereblooded, gold aura
A: freezing attack, amphibious, boosted hp, large, unfitting armour, (claws 3),
regeneration 1, (shaggy fur 1), (tough skin 1)
a: End Transformation, Renounce Religion, Potion Petition, Call Merchant, Bribe
Branch


You were in the Dungeon.
You worshipped Gozag.
Gozag was most pleased with you.
You were a creature of crystalline ice.
You visited 1 branch You collected 3205 gold pieces.

Inventory:

Armour
 a - a +0 robe (melded)
 l - a +0 cloak (melded)
Jewellery
 m - a +2 ring of evasion (left front paw)
 n - a +3 ring of dexterity (right front paw)
Wands
 k - a wand of acid (8)
Scrolls
 i - 2 scrolls of amnesia
 j - 3 scrolls of blinking
 p - a scroll of identify
 q - 2 scrolls of fog
 r - 2 scrolls of enchant armour
 s - 2 scrolls of enchant weapon
Potions
 b - 2 potions of lignification
 c - a potion of invisibility
 d - 6 potions of heal wounds
 e - 2 potions of haste
 f - 4 potions of magic
 g - a potion of berserk rage
 h - 5 potions of curing
 o - a potion of mutation


   Skills:
 + Level 4.4 Fighting
 + Level 7.5 Dodging
 - Level 2.9 Stealth
 + Level 18.6 Unarmed Combat
 + Level 7.0 Spellcasting
 + Level 8.0 Transmutations
 + Level 2.8 Ice Magic
 + Level 1.5 Evocations


You had 13 spell levels left.
You knew the following spells:

 Your Spells              Type           Power      Damage    Failure   Level
a - Beastly Appendage     Tmut           42%        N/A       1%          1
b - Wereblood             Tmut           21%        N/A       1%          2
c - Spider Form           Tmut/Pois      12%        N/A       10%         3
d - Ice Form              Ice/Tmut       15%        N/A       19%         4

Your spell library contained the following spells:

 Spells                   Type           Power      Damage    Failure   Level


Dungeon Overview and Level Annotations

Branches:
Dungeon (1/1)

Altars:
Cheibriados
Dithmenos
Elyvilon
Fedhas
Gozag
Hepliaklqana
Kikubaaqudgha
Makhleb
Nemelex Xobeh
Okawaru
Qazlal
Ru
Sif Muna
Trog
Uskayaw
Vehumet
Wu Jian
Xom
Yredelemnul
Zin
The Shining One
Beogh
Jiyva
Lugonu


Innate Abilities, Weirdness & Mutations

You are a creature of crystalline ice.
You have a powerful freezing melee attack.
You are amphibious.
Your maximum health is increased.
Your armour is entirely melded.
You are incapable of wielding weapons or throwing items.
You are too large for most types of armour.
((You have claws for hands.))
Your natural rate of healing is unusually fast.
((You are covered in fur. (AC +1)))
((You have tough skin. (AC +1)))


Message History

An orc priest comes into view. It is wielding a +0 whip.
The orc priest is distracted by your dazzling golden aura.
The orc wizard casts a spell.
The orc wizard flickers and vanishes!
Deactivating autopickup; reactivate with Ctrl-A.
The orc hits you but does no damage.
Items here: $ )) [[.
You pulverise the orc!!!
You freeze the orc.
You kill the orc!
The orc priest is distracted by your dazzling golden aura.
An orc warrior comes into view. It is wielding a +0 dire flail.
The ettin hits you with a +0 dire flail!!!
The ettin closely misses you.
Things that are here:
86 gold pieces; a +0 dagger; a +0 leather armour The orc warrior shouts!
You punch the ettin! You freeze the ettin.
The ettin is lightly wounded.
You howl as the wereblood boils in your veins!
The ettin closely misses you.
The ettin hits you with a +0 dire flail!!
You are too injured to fight recklessly!
You are too injured to fight recklessly!
You are too injured to fight recklessly!
You are too injured to fight recklessly!
You are too injured to fight recklessly!
You are too injured to fight recklessly!
You are too injured to fight recklessly!
You are too injured to fight recklessly!
You are too injured to fight recklessly!
You are too injured to fight recklessly!
You are too injured to fight recklessly!
You hit the ettin. You freeze the ettin.
The ettin is moderately wounded.
You pummel the ettin!! You freeze the ettin!
The ettin is almost dead.
The orc priest is no longer distracted by gold.
The ettin hits you with a +0 dire flail!!!
You die...
Your body crumbles into a pile of gold.

▓.▓.▓.▓.▓.▓
▓.▓.▓.▓.▓÷▓
▓.▓.▓.▓.▓.▓
▓.▓.▓.▓.▓.▓
▓$▓.▓.▓.▓.▓
▓$▓.▓)▓.▓.▓
▓$▓.▓.▓.▓.▓
▓$▓.▓.▓.▓'▓
▓Y▓.▓.▓.▓_▓
▓C▓.▓.▓.▓_▓
▓$▓.▓.▓.▓_▓
▓o▓.▓.▓.▓_▓
▓{▓.▓'▓.▓_▓
▓.▓.▓.▓.▓_▓
▓o▓.▓.▓.▓_▓
▓o▓.▓.▓.▓_▓
$▓.▓.▓.▓_▓


You could see an ettin, an orc warrior and 2 orc priests.

Vanquished Creatures
  A boulder beetle (D)
  A centaur warrior (D)
  A salamander (shapeshifter) (D)
  A guardian serpent (shapeshifter) (D)
  An elephant (D)
  5 cane toads (D)
  A komodo dragon (D)
  2 polar bears (D)
  A blink frog (D)
  A dream sheep (D)
  2 hornets (D)
  A vampire (D)
  2 wyverns (D)
  2 yaks (D)
  2 vampire mosquitoes (D)
  A water moccasin (D)
  An acid dragon (D)
  An ice beast (D)
  An orc warrior (D)
  6 black bears (D)
  3 bullfrogs (D)
  A scorpion (D)
  2 orc priests (D)
  4 orc wizards (D)
  An adder (D)
  A worm (D)
  3 orcs (D)
  An endoplasm (D)
  A jackal (D)
  A ball python (D)
  2 frilled lizards (D)
54 creatures vanquished.

Notes
Turn   | Place    | Note
-------+----------+-------------------------------------------
     0 | D        | mhtbhm the Troll Transmuter began the quest for the Orb.
     0 | D        | Reached XP level 1. HP: 18/18 MP: 1/1
   126 | D        | Noticed a scorpion
   126 | D        | Noticed an ice beast
   126 | D        | Noticed an orc priest
   132 | D        | Killed a scorpion
   133 | D        | Reached skill level 1 in Fighting
   133 | D        | Reached skill level 6 in Unarmed Combat
   133 | D        | Reached XP level 2. HP: 15/27 MP: 0/4
   133 | D        | Reached XP level 3. HP: 19/33 MP: 0/5
   134 | D        | Reached XP level 4. HP: 23/41 MP: 0/6
   138 | D        | HP: 1/41 [ice beast (8)]
   193 | D        | Killed an ice beast
   194 | D        | Reached skill level 8 in Unarmed Combat
   194 | D        | Reached XP level 5. HP: 34/48 MP: 5/8
   338 | D        | Learned a level 2 spell: Wereblood
   342 | D        | Learned a level 3 spell: Spider Form
   347 | D        | Learned a level 4 spell: Ice Form
   357 | D        | Found a snail-covered altar of Cheibriados.
   357 | D        | Found a shadowy altar of Dithmenos.
   357 | D        | Found a white marble altar of Elyvilon.
   357 | D        | Found a blossoming altar of Fedhas.
   357 | D        | Found an opulent altar of Gozag.
   358 | D        | Found a hazy altar of Hepliaklqana.
   359 | D        | Found a viscous altar of Jiyva.
   360 | D        | Found an ancient bone altar of Kikubaaqudgha.
   361 | D        | Found a corrupted altar of Lugonu.
   362 | D        | Found a burning altar of Makhleb.
   363 | D        | Found a sparkling altar of Nemelex Xobeh.
   364 | D        | Found an iron altar of Okawaru.
   367 | D        | Found a stormy altar of Qazlal.
   369 | D        | Became a worshipper of Gozag Ym Sagoz the Greedy
   373 | D        | Found a sacrificial altar of Ru.
   374 | D        | Found a shimmering blue altar of Sif Muna.
   375 | D        | Found a bloodstained altar of Trog.
   376 | D        | Found a hide-covered altar of Uskayaw.
   377 | D        | Found a radiant altar of Vehumet.
   378 | D        | Found an ornate altar of the Wu Jian Council.
   379 | D        | Found a shimmering altar of Xom.
   380 | D        | Found a basalt altar of Yredelemnul.
   381 | D        | Found a glowing silver altar of Zin.
   382 | D        | Found a glowing golden altar of the Shining One.
   416 | D        | Noticed an acid dragon
   416 | D        | Noticed a vampire mosquito
   416 | D        | Noticed a hornet
   416 | D        | Noticed a hornet
   419 | D        | Killed an acid dragon
   420 | D        | Reached skill level 9 in Unarmed Combat
   420 | D        | Reached XP level 6. HP: 55/55 MP: 2/10
   422 | D        | Killed a vampire mosquito
   423 | D        | Reached skill level 10 in Unarmed Combat
   424 | D        | Killed a hornet
   425 | D        | Reached skill level 11 in Unarmed Combat
   425 | D        | Reached XP level 7. HP: 63/63 MP: 3/12
   428 | D        | Killed a hornet
   429 | D        | Reached skill level 5 in Dodging
   429 | D        | Reached skill level 12 in Unarmed Combat
   429 | D        | Reached skill level 5 in Transmutations
   439 | D        | Reached skill level 1 in Stealth
   551 | D        | Noticed a centaur warrior
   551 | D        | Noticed a vampire
   551 | D        | Noticed a guardian serpent
   551 | D        | Noticed a vampire mosquito
   551 | D        | Noticed a culicivora
   554 | D        | Killed a centaur warrior
   555 | D        | Reached skill level 13 in Unarmed Combat
   555 | D        | Reached skill level 5 in Spellcasting
   555 | D        | Reached XP level 8. HP: 74/74 MP: 6/14
   556 | D        | Noticed a salamander
   556 | D        | a culicivora changed into a salamander
   561 | D        | Reached skill level 14 in Unarmed Combat
   561 | D        | Killed a guardian serpent
   564 | D        | Reached XP level 9. HP: 81/81 MP: 7/16
   565 | D        | Killed a salamander
   566 | D        | Reached skill level 15 in Unarmed Combat
   756 | D        | Noticed a komodo dragon
   756 | D        | Noticed a cane toad
   756 | D        | Noticed a cane toad
   757 | D        | Noticed a boulder beetle
   760 | D        | Killed a komodo dragon
   761 | D        | Reached skill level 1 in Ice Magic
   769 | D        | Killed a cane toad
   773 | D        | Killed a cane toad
   774 | D        | Reached skill level 16 in Unarmed Combat
   778 | D        | Killed a boulder beetle
   779 | D        | Reached XP level 10. HP: 67/92 MP: 12/18
   787 | D        | Reached skill level 1 in Evocations
   827 | D        | Noticed an elephant
   827 | D        | Noticed a cane toad
   827 | D        | Noticed a cane toad
   832 | D        | Killed an elephant
   833 | D        | Reached skill level 17 in Unarmed Combat
   834 | D        | Killed a cane toad
   838 | D        | Noticed a cane toad
   843 | D        | Killed a cane toad
   849 | D        | Killed a cane toad
   852 | D        | Reached skill level 18 in Unarmed Combat
  1064 | D        | Noticed an ettin
  1074 | D        | Slain by an ettin

Illustrated notes

Levels and vault maps discovered:
D:        linesprint [early_d, line_temple, items_1, d_10, items_2, lair_1,
          lair_end, items_3, orc_1, orc_end, items_4, d_15, swamp_1, shoals_1,
          snake_1, spider_1, d_20, vaults_1, items_5, swamp_end, shoals_end,
          snake_end, spider_end, vaults_end, d_27, items_6, zot_1, zot_end,
          crypt_end, forest_end, elf_end, slime_end, tomb_end, abyss_end,
          pan_hell_end]

Skill      XL: |  1  2  3  4  5  6  7  8  9 10 |
---------------+-------------------------------+-----
Fighting       | 1 2 3 4 |  4.4
Dodging        | 2 3 4 6 7 |  7.5
Unarmed Combat | 6 8 9 11 13 14 16 18 | 18.6
Spellcasting   | 2 3 4 5 6 7 |  7.0
Transmutations | 2 3 4 5 6 7 8 |  8.0
Stealth        | 1 2 |  2.9
Ice Magic      | 1 2 |  2.8
Evocations     | 1 |  1.5

Action                   |  1- 3 |  4- 6 |  7- 9 | 10-12 || total
-------------------------+-------+-------+-------+-------++-------
Melee: Unarmed           |    20 |    18 |    37 |    49 ||   124
       Kick              |     2 |     5 |       |       ||     7
       Headbutt          |     1 |     3 |       |       ||     4
 Cast: Beastly Appendage |     2 |     1 |       |       ||     3
       Ice Form          |       |     1 |     2 |     3 ||     6
       Wereblood         |       |     1 |     2 |     3 ||     6
Evoke: Wand              |       |       |     2 |       ||     2
  Use: Potion            |     1 |     1 |       |       ||     2
       Scroll            |       |     1 |       |       ||     1
 Stab: Distracted        |       |       |       |     1 ||     1
Armor: Robe              |     4 |     3 |       |       ||     7
       Skin              |       |       |     3 |    12 ||    15
Dodge: Dodged            |     6 |     7 |     5 |    25 ||    43

Table legend: (Time is in decaauts)
 A = Elapsed time spent in this place.
 B = Non-inter-level travel time spent in this place.
 C = Inter-level travel time spent in this place.
 D = Time resting spent in this place.
 E = Time spent auto-exploring this place.
 F = Levels seen in this place.
 G = Mean time per level.
                   A        B        C        D        E       F      G
               +--------+--------+--------+--------+--------+-----+--------+
         Total |   1043 |   1043 |      0 |    444 |    202 |   1 | 1043.0 |
       Dungeon |   1043 |   1043 |      0 |    444 |    202 |   1 | 1043.0 |
               +--------+--------+--------+--------+--------+-----+--------+

Top non-repeatable levels by time:
       D: 1043 daAuts
